 Dungeon Crawl Stone Soup version 0.25-a0-780-g622e69b31f (webtiles) character file.

Game seed: 723128569034339156, levelgen mode: deterministic

163 esteth the Skirmisher (level 5, -1/48 HPs)
             Began as a Draconian Chaos Knight on Apr 14, 2020.
             Was a Plaything of Xom.
             Slain by a swamp drake (9 damage)
             ... on level 3 of the Dungeon.
             The game lasted 00:05:31 (2063 turns).

esteth the Skirmisher (Draconian Chaos Knight)      Turns: 2063, Time: 00:05:31

Health: -1/48      AC:  5    Str: 15    XL:     5   Next: 20%
Magic:  5/5        EV: 12    Int: 12    God:    Xom [*.....]
Gold:   96         SH:  3    Dex: 11    Spells: 4/4 levels left

rFire    + . .     SeeInvis .   a - +0 spear (chaos)
rCold    + . .     Gourm    .   n - +0 buckler
rNeg     . . .     Faith    .   (armour unavailable)
rPois    +         Spirit   .   (helmet restricted)
rElec    +         Reflect  .   (no cloak)
rCorr    +         Harm     .   (no gloves)
MR       .....                  (no boots)
Stlth    +.........             (no amulet)
HPRegen  0.16/turn              g - ring of resist corrosion
MPRegen  0.09/turn              (no ring)

@: resistant
A: unfitting armour, cold-blooded, AC +5
a: Renounce Religion


You were on level 3 of the Dungeon.
You worshipped Xom.
You were a special plaything of Xom.
You were not hungry.

You visited 1 branch of the dungeon, and saw 3 of its levels.

You collected 96 gold pieces.

Inventory:

Hand Weapons
 a - a +0 spear of chaos (weapon)
 h - a +3 whip of freezing
 o - a +2 dagger of speed
Armour
 l - a +0 kite shield
 n - a +0 buckler (worn)
Jewellery
 g - a ring of resist corrosion (left hand)
Scrolls
 c - a scroll of noise {unknown}
 f - 2 scrolls of fog {unknown}
 k - a scroll of magic mapping {unknown}
 p - a scroll of identify {unknown}
 q - a scroll of remove curse {unknown}
 r - a scroll of teleportation {unknown}
Potions
 d - a potion of mutation {unknown}
 e - 2 potions of curing {unknown}
 j - a potion of brilliance {unknown}
 m - a potion of lignification {unknown}
Comestibles
 b - 2 rations
 s - 2 chunks of flesh


   Skills:
 + Level 5.0 Fighting
 + Level 4.4 Polearms
 - Level 2.1 Dodging
 + Level 1.5 Shields


You had 4 spell levels left.
You didn't know any spells.
Your spell library contained the following spells:

 Spells                   Type           Power        Failure   Level  Hunger
 Animate Skeleton         Necr           N/A          41%         1    ##.....
 Apportation              Tloc           #.....       41%         1    ##.....
 Corona                   Hex            #......      41%         1    ##.....
 Summon Small Mammal      Summ           #...         41%         1    ##.....


Dungeon Overview and Level Annotations

Branches:
Dungeon (3/15)

Altars:
Nemelex Xobeh

Annotations:
Abyss:1 Terence


Innate Abilities, Weirdness & Mutations

Your plain brown scales are hard. (AC +5)
You cannot fit into any form of body armour.
You are cold-blooded and may be slowed by cold attacks.


Message History

The jackal barely misses you. You block the orc wizard's attack.
The orc hits you with a +0 whip. The jackal closely misses you.
The orc wizard points at you and mumbles some strange words.
The magic dart hits you.
You barely miss the orc wizard.
The orc wizard is lightly wounded.
You block the orc wizard's attack. The jackal bites you.
The orc hits you with a +0 whip.
You hit the orc wizard.
The orc wizard evaporates and reforms as a swamp drake!
You tail-slap the swamp drake, but do no damage.
The jackal barely misses you. The orc hits you with a +0 whip.
The swamp drake bites you.
* * * LOW HITPOINT WARNING * * *
You feel protected. The jackal bites you.
* * * LOW HITPOINT WARNING * * *
The orc barely misses you. The swamp drake bites you!
You die...
Xom titters!

....#.#.# ......#.#
#.. ....###.# #.#
........### ## #..
..)........ .>#.# #
#).....#######.#.#.#
................o#.#
#......##.## #.#oho#
#.....).#.# #.#@#
........#.# #.#k#
.รท........####.#$#
.................#
..........#........#
........#.##.#.#####
...#....#..#.#.#
........#..#.#.#
##.######....#.#


You could see a swamp drake, 3 orcs and a jackal.

Vanquished Creatures
  Robin (D:3)
  5 adders
  2 worms
  A dart slug (D:1)
  2 leopard geckos
  An orc (D:3)
  8 bats
  3 giant cockroaches
  20 goblins
  10 hobgoblins
  2 jackals (D:3)
  7 kobolds
  4 ball pythons
  4 frilled lizards
  11 rats
81 creatures vanquished.

Notes
Turn   | Place    | Note
-------+----------+-------------------------------------------
     0 | D:1      | esteth the Draconian Chaos Knight began the quest for the
                  | Orb.
     0 | D:1      | Reached XP level 1. HP: 19/19 MP: 1/1
    25 | D:1      | XOM: butterfly on damage
    29 | D:1      | Reached XP level 2. HP: 10/27 MP: 2/2
    42 | D:1      | HP: 1/27 [hobgoblin/stone (2)]
   353 | D:1      | XOM: silly message
   512 | D:1      | XOM: silly message
   527 | D:1      | Reached skill level 4 in Fighting
   551 | D:1      | Reached XP level 3. HP: 33/33 MP: 3/3
  1015 | D:2      | XOM: divination: detect creatures
  1028 | D:2      | Reached XP level 4. HP: 29/41 MP: 4/4
  1210 | D:2      | XOM: stat loss: -1 Int (11/12)
  1258 | D:2      | XOM: 1-stop teleportation journey
  1441 | D:3      | XOM: silly message
  1473 | D:3      | Noticed Robin
  1476 | D:3      | XOM: torment (20/41 hp)
  1477 | D:3      | XOM: swap monsters
  1481 | D:3      | Killed Robin
  1481 | D:3      | Reached skill level 1 in Shields
  1781 | D:3      | Found a sparkling altar of Nemelex Xobeh.
  1805 | D:3      | Noticed Terence
  1809 | D:3      | XOM: 1-stop teleportation journey
  1818 | D:3      | Banished Terence
  1818 | D:3      | Reached XP level 5. HP: 19/47 MP: 5/5
  2038 | D:3      | Reached skill level 5 in Fighting
  2062 | D:3      | Noticed a swamp drake
  2062 | D:3      | an orc wizard changed into a swamp drake
  2063 | D:3      | Slain by a swamp drake

Levels and vault maps discovered:
D:1:      minmay_arrival_arboretum_large, layout_basic, supply_closet_lemuel
D:2:      layout_basic, first_ration
D:3:      layout_basic, dancing_weapons_uskayaw,
          nemelex_xobeh_ov_fountains_minmay, minmay_misc_feat_alley,
          uniq_terence, uniq_robin, uniq_grinder

Skill      XL: |  1  2  3  4  5 |
---------------+----------------+-----
Fighting       | 4 5 |  5.0
Polearms       | 4 |  4.4
Shields        | 1 |  1.5
Dodging        | |  2.1

Action                   |  1- 3 |  4- 6 || total
-------------------------+-------+-------++-------
Melee: Spear             |   100 |   152 ||   252
       Tailslap          |    10 |     8 ||    18
  Use: Potion            |       |     2 ||     2
 Stab: Sleeping          |     1 |       ||     1
       Confused          |       |     1 ||     1
  Eat: Chunk             |       |     4 ||     4
Armor: Skin              |    26 |    41 ||    67
Dodge: Dodged            |    55 |    82 ||   137
Block: Buckler           |       |    25 ||    25

Table legend:
 A = Non-vault XP
 B = Vault XP
 C = Vault XP percentage of total XP
 D = Non-vault monster count
 E = Vault monster count
 F = Vault count percentage of total count
                 A         B        C        D         E       F
            +---------+---------+-------+---------+---------+-------
      Total |     181 |      53 |  22.6 |      69 |      13 |  15.9
            +---------+---------+-------+---------+---------+-------
        D:1 |      48 |       0 |   0.0 |      26 |       0 |   0.0
        D:2 |      87 |       0 |   0.0 |      25 |       0 |   0.0
        D:3 |      46 |      53 |  53.5 |      18 |      13 |  41.9
            +---------+---------+-------+---------+---------+-------
